 Dungeon Crawl Stone Soup version 0.13.0-29-gdb529de (webtiles) character file.

192 M4edhros the Caller (level 3, -1/21 HPs)
             Began as an Octopode Summoner on Nov 15, 2013.
             Slain by Zapata's ghost (3 damage)
             ... on Level 3 of the Dungeon.
             The game lasted 00:04:23 (2512 turns).

M4edhros the Caller (Octopode Summoner)             Turns: 2512, Time: 00:04:23

HP  -1/21        AC  1     Str  7      XL: 3   Next: 64%
MP   2/6         EV 12     Int 18      God:
Gold 147         SH  0     Dex 12      Spells:  2 memorised,  1 level left

Res.Fire  : + . .   See Invis. : .   B - -1,+0 orc spear
Res.Cold  : + . .   Warding    : .   (no shield)
Life Prot.: . . .   Conserve   : .   m - +0 wizard hat
Res.Poison: +       Res.Corr.  : .   (no amulet)
Res.Elec. : +       Clarity    : .   (no ring)
Sust.Abil.: . .     Spirit.Shd : .   (no ring)
Res.Mut.  : .       Stasis     : .   (no ring)
Res.Rott. : .       Flight     : .   (no ring)
Saprovore : . . .                    (no ring)
                                     (no ring)
                                     (no ring)
                                     (no ring)

@: invisible, very slightly contaminated, slowed, very slow, not resistant to
hostile enchantments, quite stealthy
A: almost no armour, amphibious, 8 rings, constrict 8, camouflage 1, breathe
flames 1, AC +1
a: Breathe Fire


You were on level 3 of the Dungeon.
You were not hungry.

You visited 1 branch of the dungeon, and saw 3 of its levels.

You collected 127 gold pieces.

Inventory:

Hand weapons
 j - a +2,+2 dwarven falchion
 k - a +0,+0 spear
 p - a +0,+0 short sword
 z - a +0,+0 trident
 B - a -1,+0 orcish spear (weapon)
Missiles
 h - 22 sling bullets
 q - a dart of flame (quivered)
Armour
 m - a +0 wizard hat (worn)
Comestibles
 c - 2 bread rations
 d - an apricot
 f - 3 meat rations
 t - an apple
 w - a beef jerky
Scrolls
 a - 2 scrolls of remove curse {unknown}
 o - a scroll of recharging {unknown}
 s - a scroll of identify {unknown}
 v - 3 scrolls of noise
 A - a scroll of curse jewellery {unknown}
Jewellery
 l - a +1 ring of protection {unknown}
Potions
 e - 2 potions of resistance
Books
 b - a book of Callings

   Spells                             Type                      Level
   *Summon Small Mammal               Summoning                    1
   Call Imp                           Summoning                    2
   *Call Canine Familiar              Summoning                    3
   Summon Scorpions                   Summoning/Poison             4
   Summon Ice Beast                   Ice/Summoning                4


   Skills:
 - Level 2.0 Dodging
 - Level 2.6 Stealth
 + Level 1.6 Spellcasting
 * Level 5.0 Summonings


You had one spell level left.
You knew the following spells:

 Your Spells              Type           Power        Failure   Level  Hunger
a - Summon Small Mammal   Summ           ###.         2%          1    #......
b - Call Canine Familiar  Summ           ###.......   10%         3    ####...


Dungeon Overview and Level Annotations

Branches:
Dungeon (3/27)

Altars:
Elyvilon
Okawaru

Annotations:
D:3 Sigmund; Zapata's ghost, average KoBe


Innate Abilities, Weirdness & Mutations

You cannot wear most types of armour.
You are amphibious.
You can wear up to eight rings at the same time.
You can use your tentacles to constrict many enemies at once.
Your skin changes colour to match your surroundings (Stlth).
Your rubbery body absorbs attacks (AC +1).
You can breathe flames.


Message History

Zapata's ghost hits you.
* * * LOW HITPOINT WARNING * * *
Drink which item? (? for menu, Esc to quit)
You feel slightly nauseous.
It was a potion of poison.
You constrict the plant, but do no damage.
Zapata's ghost closely misses you. Zapata's ghost hits you.
* * * LOW HITPOINT WARNING * * *
Evoke which item? (* to show all) (? for menu, Esc to quit)
Okay, then.
Read which item? (? for menu, Esc to quit)
As you read the scroll labeled TROEFU GE NORCH, it crumbles to dust.
You hear a loud clanging noise!
It was a scroll of noise.
You constrict the plant. Zapata's ghost barely misses you.
Read which item? (? for menu, Esc to quit)
As you read the scroll labeled SIVILIEPULL, it crumbles to dust.
The scroll dissolves into smoke.
It was a scroll of fog.
You have got your breath back.
You constrict the plant. Zapata's ghost hits you.
You die...

#.#♣≈≈....P≈≈≈≈≈♣
#.#♣♣≈≈..≈≈≈≈≈≈≈#
#...≈≈≈...P≈≈≈≈##
#.###♣...≈≈P≈≈≈#
###.###....≈≈PPP♣#
...........≈≈≈≈♣♣
###..###..#♣≈≈§♣##
###..# #...P≈≈§P§#
##...###..##P≈♣#@#
#........####♣##p#
##...##### #§#
###.## #.# #.# #.#
#.# #.# #+# #.#
#.# #.##


You could see Zapata's ghost.

Vanquished Creatures
  A giant gecko (D:1)
  A ball python (D:1)
  A giant cockroach (D:2)
  9 hobgoblins
  6 bats
  3 giant newts
  6 goblins
  9 kobolds
  9 rats
45 creatures vanquished.

Vanquished Creatures (others)
  2 jackals (D:3)
  5 toadstools (D:1)
7 creatures vanquished.

Grand Total: 52 creatures vanquished

Notes
Turn   | Place    | Note
--------------------------------------------------------------
     0 | D:1      | M4edhros, the Octopode Summoner, began the quest for the Orb.
     0 | D:1      | Reached XP level 1. HP: 11/11 MP: 3/3
   172 | D:1      | Found an iron altar of Okawaru.
   489 | D:1      | Reached XP level 2. HP: 12/17 MP: 4/4
  1185 | D:1      | Reached XP level 3. HP: 7/21 MP: 6/6
  1800 | D:2      | Found a white marble altar of Elyvilon.
  2036 | D:3      | Noticed Sigmund
  2052 | D:3      | Learned a level 3 spell: Call Canine Familiar
  2218 | D:3      | Reached skill level 5 in Summonings
  2359 | D:3      | Noticed Zapata's ghost (average KoBe)
  2508 | D:3      | Gained mutation: You can breathe flames. [potion of beneficial mutation]
  2512 | D:3      | Slain by Zapata's ghost

Action                   || total
-------------------------++-------
Melee: Dagger            ||    39
       Unarmed           ||     9
       Spear             ||    86
 Cast: Call Canine Famil ||     2
 Abil: Breathe Fire      ||     1
  Use: Scroll            ||     4
       Potion            ||     7
 Stab: Distracted        ||     1
       Sleeping          ||     5
